 Dungeon Crawl Stone Soup version 0.29.1-15-g9cfb28693d (webtiles) character file.

Game seed: 3976421239437610531

4 vishdafish the Conjurer (level 1, -2/13 HPs)
             Began as a Demonspawn Conjurer on Mar 29, 2023.
             Frozen to death by an endoplasm (5 damage)
             ... on level 1 of the Dungeon.
             The game lasted 00:00:21 (203 turns).

vishdafish the Conjurer (Demonspawn Conjurer)        Turns: 203, Time: 00:00:22

Health: -2/13      AC:  2    Str:  7    XL:     1   Next: 58%
Magic:  3/3        EV: 12    Int: 19    God:
Gold:   20         SH:  0    Dex: 11    Spells: 3/4 levels left

rFire   . . .      SeeInvis .   (no weapon)
rCold   . . .      Faith    .   (no shield)
rNeg    . . .      Spirit   .   a - +0 robe
rPois   .          Reflect  .   (no helmet)
rElec   .          Harm     .   (no cloak)
rCorr   .          Rampage  .   (no gloves)
Will    .....                   (no boots)
Stlth   ++........              (no amulet)
HPRegen 0.04/turn               (no ring)
MPRegen 0.08/turn               (no ring)

@: no status effects
A: no striking features
a: no special abilities


You were on level 1 of the Dungeon.
You visited 1 branch of the dungeon, and saw 1 of its levels.

You collected 20 gold pieces.

Inventory:

Armour
 a - a +0 robe (worn)


   Skills:
 + Level 1.9 Dodging
 + Level 1.9 Stealth
 + Level 2.1 Spellcasting
 + Level 4.0 Conjurations


You had 3 spell levels left.
You knew the following spells:

 Your Spells              Type           Power      Damage    Failure   Level
a - Magic Dart            Conj           68%        1d6       3%          1

Your spell library contained the following spells:

 Spells                   Type           Power      Damage    Failure   Level
 Searing Ray              Conj           34%        2d5       4%          2
 Dazzling Flash           Conj/Hex       18%        N/A       22%         3
 Fulminant Prism          Conj/Hex       4%         3d6       58%         4
 Iskenderun's Mystic Bla  Conj/Tloc      9%         2d4       58%         4


Dungeon Overview and Level Annotations

Branches:
Dungeon (1/15)

Altars:


Message History

The endoplasm quivers.
You are out of magic!
You are out of magic!
You are out of magic!
Found a cyan potion.
The endoplasm freezes you.
You are frozen.
You hit the endoplasm.
The endoplasm is heavily wounded.
The endoplasm misses you.
You hit the endoplasm but do no damage.
The endoplasm is heavily wounded.
The endoplasm hits you.
Your magical contamination has completely faded away.
You barely miss the endoplasm.
The endoplasm is heavily wounded.
The endoplasm closely misses you.
You hit the endoplasm but do no damage.
The endoplasm is heavily wounded.
The endoplasm hits you but does no damage.
The endoplasm attacks as you move away! The endoplasm barely misses you.
The endoplasm attacks as you move away! The endoplasm hits you.
Aiming: Magic Dart (safe; 3% risk of failure)
Press: ? - help, Q - select action Shift-Dir - straight line, f/p - endoplasm
Aim: an endoplasm (heavily wounded, 100% to hit)
The magic dart hits the endoplasm.
The endoplasm is almost dead.
The endoplasm hits you but does no damage.
The endoplasm barely misses you. The endoplasm attacks as you move away!
The endoplasm hits you. The endoplasm attacks as you move away!
The endoplasm misses you. The endoplasm barely misses you.
You see here an amulet of guardian spirit.
The endoplasm attacks as you move away! The endoplasm hits you.
The endoplasm attacks as you move away! The endoplasm hits you.
* * * LOW HITPOINT WARNING * * *
Magic courses through your body. The endoplasm freezes you.
You are frozen.
You die...

.. ###########..
###..^................
#. ...............!.....
#.###..................#
....#..................#
........................
........@....[..).....#
..#....J.............#
#.."...............#
#...................
#..........#######..
#............##
#..........#..#
#############.##
#.......# #..#


You could see an endoplasm.

Vanquished Creatures
  A giant cockroach (D:1)
  2 goblins (D:1)
  A bat (D:1)
4 creatures vanquished.

Notes
Turn   | Place    | Note
-------+----------+-------------------------------------------
     0 | D:1      | vishdafish the Demonspawn Conjurer began the quest for the
                  | Orb.
     0 | D:1      | Reached XP level 1. HP: 13/13 MP: 3/3
   203 | D:1      | Frozen to death by an endoplasm

Illustrated notes

Levels and vault maps discovered:
D:1:      onia_arrival_pentagram, layout_basic, serial_shops, shop

Action                   || total
-------------------------++-------
Melee: Unarmed           ||     4
 Cast: Magic Dart        ||     8
  Use: Potion            ||     1
Armor: Robe              ||     2
Dodge: Dodged            ||     6
